 Dungeon Crawl Stone Soup version 0.17-a0-1840-g87820a2 (webtiles) character file.

164 shakdrar the Conjurer (level 5, -1/28 HPs)
             Began as a Deep Elf Conjurer on Sept 16, 2015.
             Killed from afar by Natasha (9 damage)
             ... with a magic dart
             ... on level 3 of the Dungeon.
             The game lasted 00:13:57 (2220 turns).

shakdrar the Conjurer (Deep Elf Conjurer)           Turns: 2220, Time: 00:13:59

Health: -1/28      AC:  2    Str:  6    XL:     5   Next: 21%
Magic:  7/14       EV: 13    Int: 20    God:
Gold:   134        SH:  0    Dex: 15    Spells: 4 memorised, 3 levels left

rFire  . . .     SeeInvis .     (no weapon)
rCold  . . .     Clarity  .     a - +0 robe
rNeg   . . .     SustAt   .     (no shield)
rPois  .         Gourm    .     n - +0 hat
rElec  .         Spirit   .     (no cloak)
rCorr  .         Warding  .     (no gloves)
rMut   .         Stasis   .     (no boots)
MR     .....                    (no amulet)
Stlth  ++........               (no ring)
                                (no ring)

@: very slightly contaminated, slowed, very slow, not resistant to hostile
enchantments, unstealthy
A: no striking features
a: no special abilities


You were on level 3 of the Dungeon.
You were very hungry.

You visited 1 branch of the dungeon, and saw 4 of its levels.

You collected 134 gold pieces.

Inventory:

Missiles
 h - 17 poisoned needles
Armour
 a - a +0 robe (worn)
 n - a +0 hat (worn)
Magical devices
 i - a wand of digging (24)
Scrolls
 d - 3 scrolls of identify
 k - a scroll of remove curse
Potions
 e - a potion of might
 f - 2 potions of brilliance {unknown}
 g - 2 potions of heal wounds {unknown}
 j - a potion of poison {unknown}
 l - a potion of berserk rage {unknown}
 m - a potion of beneficial mutation {unknown}
Books
 b - a book of Conjurations

   Spells                             Type                      Level
   a - Magic Dart                     Conjuration                  1
   b - Searing Ray                    Conjuration                  2
   c - Dazzling Spray                 Conjuration/Hexes            3
   d - Fulminant Prism                Conjuration/Hexes            4
   e - Iskenderun's Mystic Blast      Conjuration                  4
   f - Iskenderun's Battlesphere      Conjuration/Charms           5
Comestibles
 c - 3 bread rations


   Skills:
 - Level 2.4 Dodging
 - Level 2.4 Stealth
 + Level 4.7 Spellcasting
 * Level 6.4 Conjurations


You had 3 spell levels left.
You knew the following spells:

 Your Spells              Type           Power        Failure   Level  Hunger
a - Magic Dart            Conj           ####         1%          1    None
b - Searing Ray           Conj           ####..       1%          2    #......
c - Dazzling Spray        Conj/Hex       ###.....     12%         3    ##.....
d - Iskenderun's Mystic   Conj           ####....     10%         4    ####...


Dungeon Overview and Level Annotations

Branches:
Dungeon (4/15)
 Temple: D:4-7

Altars:
Ashenzari
Gozag
Nemelex Xobeh
Zin

Shops:
D:3 *

Annotations:
D:3 Natasha


Message History

Casting: Iskenderun's Mystic Blast
Confirm with . or Enter, or press ? or * to list all spells.
You can't see any susceptible monsters within range! (Use Z to cast anyway.) Unknown command.
Casting: Iskenderun's Mystic Blast
Confirm with . or Enter, or press ? or * to list all spells.
You can't see any susceptible monsters within range! (Use Z to cast anyway.) Take off which item? (? for menu, Esc to quit)
Okay, then.
Casting: Iskenderun's Mystic Blast
Confirm with . or Enter, or press ? or * to list all spells.
Aiming: Magic Dart
Press: ? - help, Shift-Dir - straight line, f - you The magic dart hits something.
You hear some strange, mumbled words.
You feel as though you will be slow longer.
You hear some strange, mumbled words.
A magic dart appears from out of thin air!
The magic dart hits you!
You die...

#.....†##..# #...###.#
...........# #...###.##.##....
#.#.##.##.## #.......##.##.#.#
#.#.##[.#.# #...######.##.#.#
#.#.......# #...# #.<....##
#.##......# #...# #......S#
#.##.#..#.######...######.#...$..
#.##.#..#........[........#....##
..##..........){@..).(.......%...
#.##.#........................
#.##.#..#####...######....###.
####.......# #...# #.......
.....##.##.# #...# ##......#
###..##)##.# #...# #.###.##
#........# #...# #.. .#
........#### #...# ##.. ..
....##### #...#


There were no monsters in sight!

Vanquished Creatures
  A scorpion (D:3)
  5 adders
  A gnoll (D:2)
  An ooze (D:1)
  A worm (D:2)
  2 giant geckos
  9 hobgoblins
  4 jackals
  2 quokkas
  6 bats (D:1)
  4 giant cockroaches
  3 giant newts
  7 goblins
  3 kobolds
  9 rats
58 creatures vanquished.

Notes
Turn   | Place    | Note
--------------------------------------------------------------
     0 | D:1      | shakdrar the Deep Elf Conjurer began the quest for the Orb.
     0 | D:1      | Reached XP level 1. HP: 10/10 MP: 6/6
   170 | D:1      | Reached XP level 2. HP: 15/15 MP: 0/8
   491 | D:1      | Reached skill level 5 in Conjurations
   514 | D:1      | Learned a level 2 spell: Searing Ray
   917 | D:2      | Reached XP level 3. HP: 19/19 MP: 1/10
  1364 | D:2      | Learned a level 3 spell: Dazzling Spray
  1553 | D:2      | Reached XP level 4. HP: 24/24 MP: 8/12
  1651 | D:2      | Found a sparkling altar of Nemelex Xobeh.
  1655 | D:2      | Found a glowing silver altar of Zin.
  1657 | D:2      | Found a shattered altar of Ashenzari.
  1878 | D:3      | Learned a level 4 spell: Iskenderun's Mystic Blast
  1897 | D:3      | Reached skill level 6 in Conjurations
  1987 | D:3      | Reached XP level 5. HP: 28/28 MP: 8/13
  2066 | D:3      | Found an opulent altar of Gozag.
  2068 | D:3      | Found Gozag's Platinum Reserve.
  2196 | D:3      | Noticed Natasha
  2220 | D:3      | Killed from afar by Natasha

Vault maps used:
D:1:      lemuel_arrival_funnel, minmay_misc_feat_roman
D:2:      gammafunk_temple_overflow_forgotten, uniq_crazy_yiuf_cottage
D:3:      first_bread, minmay_misc_feat_columns,
          nicolae_gozag_zags_fifth_avenue, uniq_natasha
D:4:      lemuel_crystal_altar

Action                   |  1- 3 |  4- 6 || total
-------------------------+-------+-------++-------
 Cast: Magic Dart        |    75 |    45 ||   120
       Iskenderun's Myst |       |     1 ||     1
  Use: Scroll            |     6 |     1 ||     7
  Eat: Chunk             |     2 |     1 ||     3
